 Dungeon Crawl Stone Soup version 0.28.0-45-g0d030f2227 (webtiles) character file.

Game seed: 11809304544746572998

1273 Diomare the Caller (level 8, -8/37 HPs)
             Began as a Vine Stalker Summoner on Apr 15, 2022.
             Mangled by an orc warrior
             ... wielding a +0 trident
              (10 damage)
             ... on level 7 of the Dungeon.
             The game lasted 01:15:36 (8498 turns).

Diomare the Caller (Vine Stalker Summoner)          Turns: 8498, Time: 01:15:37

Health: -8/37      AC:  6    Str: 12    XL:     8   Next: 53%
Magic:  0/18       EV: 12    Int: 20    God:
Gold:   261        SH:  0    Dex: 20    Spells: 9/19 levels left

rFire   . . .      SeeInvis +   o - staff of poison
rCold   . . .      Faith    .   (no shield)
rNeg    . . .      Spirit   +   j - +1 robe of Qoihaos {rElec SInv}
rPois   +          Reflect  .   r - +0 helmet
rElec   +          Harm     .   A - +0 cloak
rCorr   .          Rampage  .   x - +0 pair of gloves
Will    +....                   (no boots)
Stlth   ++++......              C - amulet of magic regeneration
HPRegen 0.92/turn               n - ring of Damip {Int+3 Dex+6}
MPRegen 0.56/turn               a - ring of see invisible

@: no status effects
A: fangs 3, regeneration 1, magic shield, antimagic bite, no potion heal 2
a: no special abilities


You were on level 7 of the Dungeon.
You visited 1 branch of the dungeon, and saw 7 of its levels.

You collected 261 gold pieces.

Inventory:

Missiles
 E - 184 stones
 F - a throwing net
 G - a poisoned dart
Armour
 j - the +1 robe of Qoihaos (worn) {rElec SInv}
   (You found it on level 2 of the Dungeon)

   rElec:     It insulates you from electricity.
   SInv:      It lets you see invisible.
 r - a +0 helmet (worn)
 u - a +0 chain mail
 x - a +0 pair of gloves (worn)
 A - a +0 cloak (worn)
Magical Staves
 o - a staff of poison (weapon)
Jewellery
 a - a ring of see invisible (right hand)
 n - the ring of Damip (left hand) {Int+3 Dex+6}
   (You found it on level 2 of the Dungeon)

   [ring of dexterity]

   Int:       It affects your intelligence (+3).
   Dex:       It affects your dexterity (+6).
 C - an amulet of magic regeneration (around neck)
 D - an amulet of the acrobat
Wands
 I - a wand of paralysis (8)
Scrolls
 c - a scroll of fear {unknown}
 g - a scroll of noise {unknown}
 h - a scroll of blinking
 l - 2 scrolls of teleportation {unknown}
 s - a scroll of amnesia {unknown}
 t - 2 scrolls of identify
 v - a scroll of brand weapon {unknown}
 w - 3 scrolls of immolation
 H - a scroll of torment {unknown}
 J - a scroll of acquirement {unknown}
Potions
 b - a potion of berserk rage {unknown}
 d - a potion of mutation {unknown}
 e - 2 potions of heal wounds {unknown}
 f - a potion of resistance {unknown}
 k - 3 potions of might
 m - 2 potions of ambrosia {unknown}
 p - 3 potions of curing
 q - 2 potions of haste {unknown}
 z - a potion of cancellation {unknown}
 B - a potion of brilliance {unknown}
 K - a potion of flight {unknown}


   Skills:
 + Level 0.4 Fighting
 + Level 0.2 Polearms
 - Level 1.6 Dodging
 * Level 6.1 Stealth
 + Level 6.2 Spellcasting
 * Level 7.8 Summonings
 - Level 0.6 Earth Magic


You had 9 spell levels left.
You knew the following spells:

 Your Spells              Type           Power      Damage    Failure   Level
a - Summon Small Mammal   Summ           100%       N/A       1%          1
b - Call Canine Familiar  Summ           37%        N/A       1%          3
c - Call Imp              Summ           37%        N/A       1%          2
d - Summon Guardian Gole  Hex/Summ       22%        N/A       6%          3
e - Sandblast             Erth           16%        2d6       8%          1

Your spell library contained the following spells:

 Spells                   Type           Power      Damage    Failure   Level
 Passwall                 Tmut/Erth      5%         N/A       14%         2
 Summon Lightning Spire   Summ/Air       21%        N/A       21%         4
 Stone Arrow              Conj/Erth      14%        3d7       26%         3
 Hailstorm                Conj/Ice       6%         3d4       71%         4
 Ice Form                 Ice/Tmut       6%         N/A       71%         4
 Simulacrum               Ice/Necr       3%         N/A       100%        6


Dungeon Overview and Level Annotations

Branches:
Dungeon (7/15)
 Temple: D:4-7

Altars:
Hepliaklqana

Shops:
D:2 (   D:5 (


Innate Abilities, Weirdness & Mutations

You have razor-sharp teeth.
Your natural rate of healing is unusually fast.
When hurt, damage is shared between your health and your magic reserves.
Your bite disrupts and absorbs the magic of your enemies.
Potions cannot restore your health.


Message History

Anything else - Cancel.
Gang up on whom?
Press: ? - help, Dir - move target, f - orc, p - orc warrior
Aim: an orc, wielding a +0 flail and quivering boomerangs (heavily wounded, ally target) Attack!
Your hound bites the orc.
The orc dies!
The orc warrior barely misses you. What are your orders? t - Shout!
Orders for allies: a - Attack new target. r - Retreat! s - Stop attacking. g - Guard the area. f - Follow me.
Anything else - Cancel.
Gang up on whom?
Press: ? - help, Dir - move target, f - orc warrior
Aim: an orc warrior, wielding a +0 trident and wearing a +0 chain mail (lightly wounded) Attack!
Your hound bites the orc warrior but does no damage.
Your hound bites the orc warrior.
The orc warrior hits you from afar with a +0 trident!
* * * LOW HITPOINT WARNING * * *
Your hound bites the orc warrior but does no damage.
The orc warrior misses you.
Your crimson imp hits the orc warrior.
Your hound misses the orc warrior.
Your hound closely misses the orc warrior.
The orc warrior hits you from afar with a +0 trident!
* * * LOW HITPOINT WARNING * * *
Your crimson imp hits the orc warrior but does no damage.
Your hound barely misses the orc warrior.
An orc warrior is nearby!
An orc warrior is nearby!
You have no ailments to cure.
Your hound bites the orc warrior but does no damage.
Your hound completely misses the orc warrior.
The orc warrior hits you from afar with a +0 trident!
* * * LOW HITPOINT WARNING * * *
Your crimson imp misses the orc warrior.
Your hound bites the orc warrior but does no damage.
The orc warrior hits you from afar with a +0 trident!
You die...

....................#
.............#......#
).........###......#
#........###..>...#
........#.#......#
...#....h5......#
........o#......#
.....#..#......# #..#
#..@."....# #.
#......)..# #
#....####...# ###.##
....# ### ..... ....
###


You could see an orc warrior (ally target) and a friendly hound (summoned).

Vanquished Creatures
  A centaur (D:6)
  A bullfrog (D:6)
  A wyvern skeleton (D:6)
  A howler monkey (D:5)
  A centaur zombie (D:6)
  A hound (D:4)
  An adder (D:6)
  A worm (D:3)
  A dart slug (D:3)
  2 orcs
  An endoplasm (D:1)
  2 goblins
  A jackal (D:3)
  2 quokkas (D:2)
  3 training dummies (D:5)
  3 ball pythons
  A rat (D:1)
24 creatures vanquished.

Vanquished Creatures (collateral kills)
  2 ogres (D:4)
  A black bear (D:7)
  A centaur (D:6)
  2 bullfrogs (D:6)
  A scorpion (D:4)
  3 orc priests
  An orc wizard (D:4)
  A killer bee zombie (D:6)
  A hound zombie (D:5)
  3 adders
  An ufetubus (D:5)
  A dart slug (D:2)
  18 orcs
  12 ball pythons
  9 endoplasms
  3 giant cockroaches
  7 goblins
  6 hobgoblins
  5 jackals
  A quokka (D:3)
  4 bats
  4 frilled lizards
  9 kobolds
  10 rats
106 creatures vanquished.

Vanquished Creatures (others)
  A scorpion (D:5)
  An orc priest (D:4)
  An iguana (D:5)
  3 withered plants (D:2)
6 creatures vanquished.

Grand Total: 136 creatures vanquished

Notes
Turn   | Place    | Note
-------+----------+-------------------------------------------
     0 | D:1      | Diomare the Vine Stalker Summoner began the quest for the
                  | Orb.
     0 | D:1      | Reached XP level 1. HP: 9/9 MP: 4/4
   694 | D:1      | Reached XP level 2. HP: 13/13 MP: 3/6
  1072 | D:1      | Reached XP level 3. HP: 16/16 MP: 5/7
  1076 | D:1      | Learned a level 3 spell: Call Canine Familiar
  1079 | D:1      | Learned a level 2 spell: Call Imp
  1775 | D:2      | Found a faded altar of an unknown god.
  1835 | D:2      | Identified the +1 robe of Qoihaos {rElec SInv}
  2648 | D:2      | Gained mutation: Your natural rate of healing is unusually
                  | fast. [Vine Stalker growth]
  2648 | D:2      | Reached XP level 4. HP: 21/21 MP: 9/9
  2801 | D:2      | Identified the ring of Damip {Int+3 Dex+6}
  2999 | D:2      | Found Ryanokhomn's Antique Weapon Shoppe.
  3407 | D:3      | Reached skill level 5 in Summonings
  3998 | D:3      | You fall into a shaft and drop 3 floors!
  4046 | D:6      | Noticed a bullfrog
  4050 | D:6      | Reached XP level 5. HP: 21/24 MP: 6/11
  4052 | D:5      | Entered Level 5 of the Dungeon
  4124 | D:4      | Noticed an ogre
  4287 | D:5      | Learned a level 3 spell: Summon Guardian Golem
  4289 | D:5      | Learned a level 1 spell: Sandblast
  4296 | D:5      | Found a hazy altar of Hepliaklqana.
  4618 | D:4      | Reached XP level 6. HP: 23/28 MP: 6/13
  6147 | D:4      | Reached skill level 6 in Summonings
  6147 | D:4      | Reached XP level 7. HP: 32/32 MP: 12/15
  6149 | D:4      | Reached skill level 5 in Spellcasting
  6345 | D:4      | Reached skill level 5 in Stealth
  6631 | D:5      | Found Qadgh's Firing Range.
  7419 | D:6      | Reached skill level 7 in Summonings
  7419 | D:6      | Gained mutation: You have razor-sharp teeth. [Vine Stalker
                  | growth]
  7419 | D:6      | Reached XP level 8. HP: 35/37 MP: 12/17
  8497 | D:7      | HP: 1/37 [orc warrior/+0 trident (7)]
  8498 | D:7      | Mangled by an orc warrior

Illustrated notes

Levels and vault maps discovered:
D:1:      evilmike_arrival_hilbert_curve, layout_basic, grunt_decor_mini_mirrors
D:2:      layout_basic, ebering_ecumenical_altar_petrified, serial_shops, shop,
          minmay_hexomino_c4
D:3:      layout_rooms, st_stairs_11, kennysheep_generic_room_11
D:4:      layout_basic
D:5:      layout_loops_cross, mainiacjoe_overflow_alcove_1,
          nicolae_shop_firing_range
D:6:      layout_basic
D:7:      layout_cave_pools, nicolae_overflow_squiral,
          minmay_temple_entry_poolview, serial_gnoll_camp,
          gnoll_camp_huts_basic, gnoll_camp_mini_house, gnoll_camp_mini_house,
          gnoll_camp_medium_02

Skill      XL: |  1  2  3  4  5  6  7  8 |
---------------+-------------------------+-----
Spellcasting   | 3 4 5 6 |  6.2
Stealth        | 3 4 5 6 |  6.1
Summonings     | 5 6 7 |  7.8
Fighting       | |  0.4
Polearms       | |  0.2
Dodging        | |  1.6
Earth Magic    | |  0.6

Action                   |  1- 3 |  4- 6 |  7- 9 || total
-------------------------+-------+-------+-------++-------
Melee: Unarmed           |     5 |       |       ||     5
       Bite              |     7 |    10 |     7 ||    24
       Club              |     9 |       |       ||     9
       Spear             |    14 |     9 |       ||    23
       Staff             |       |    28 |    11 ||    39
       Punch             |       |     1 |       ||     1
 Cast: Summon Small Mamm |    33 |     4 |     1 ||    38
       Call Canine Famil |    13 |    46 |    29 ||    88
       Summon Guardian G |       |     6 |     5 ||    11
       Sandblast         |       |       |     9 ||     9
       Call Imp          |       |       |     1 ||     1
  Use: Scroll            |       |     1 |     2 ||     3
 Stab: Distracted        |       |       |     1 ||     1
Armor: Robe              |     3 |    16 |    20 ||    39
Dodge: Dodged            |    19 |    45 |    45 ||   109
